Unix NetHack Version 3.7.0-70 Work-in-progress - last build Jan 20 2023 02:37:49 (416de4da9be3a1557180d233d1398bca634ded6a,branch:master). Game began 2023-01-29 23:05:39, ended 2023-01-29 23:13:47. Kontroller, lawful male human Knight --------- #---------- ........ ######.........| C..... # |....)<..| ... # #.........| #r # ####---------- |C..- ru####%######### |. # - Kontroller the Esquire St:14 Dx:10 Co:12 In:10 Wi:14 Ch:17 Lawful S:536 Dlvl:5 $:68 HP:0(21) Pw:22(22) AC:3 Xp:3/67 T:1544 Ride Latest messages: The saddled pony hits the gnome zombie. The saddled pony bites the gnome zombie. You joust the gnome zombie! You destroy the gnome zombie! You see here 5 gold pieces. $ - 5 gold pieces (68 in total). You descend the stairs. You see here an axe. You hit the elf zombie! The elf zombie misses the saddled pony. The saddled pony misses the elf zombie. The saddled pony bites the elf zombie. The elf zombie is destroyed! You see here an elf corpse. The rock mole bites! You miss the rock mole. You miss the rock mole. You miss the rock mole. The rock mole bites! You miss the rock mole. You miss the rock mole. You hit the rock mole! The rock mole misses the saddled pony. The saddled pony misses the rock mole. The saddled pony misses the rock mole. You miss the rock mole. You miss the rock mole. You hit the rock mole! You miss the rock mole. You miss the rock mole. You miss the rock mole. The rock mole bites! You miss the rock mole. You miss the rock mole. The rock mole misses! You miss the rock mole. You hit the rock mole! You miss the rock mole. You miss the rock mole. The rock mole misses! You miss the rock mole. The rock mole misses! You miss the rock mole. The rock mole bites! You miss the rock mole. The sewer rat bites! The rock mole bites! You die... Do you want your possessions identified? [ynq] (y) y Do you want to see your attributes? [ynq] (y) q Inventory: Coins $ - 68 gold pieces Weapons a - a +1 long sword (alternate weapon; not wielded) b - a +1 lance (weapon in hand) Armor d - an uncursed +0 helmet (being worn) f - an uncursed +0 pair of leather gloves (being worn) e - an uncursed +0 small shield (being worn) c - an uncursed +1 ring mail (being worn) Comestibles g - 4 uncursed apples h - 12 uncursed carrots n - an uncursed tripe ration Scrolls p - an uncursed scroll of destroy armor y - a blessed scroll of identify m - 2 uncursed scrolls of light z - a cursed scroll of scare monster Spellbooks j - an uncursed spellbook of haste self Potions x - an uncursed potion of blindness A - an uncursed potion of booze k - a cursed potion of hallucination Tools u - an uncursed skeleton key Gems/Stones q - an uncursed fluorite stone v - an uncursed worthless piece of black glass s - an uncursed worthless piece of red glass Kontroller the Knight's attributes: Background: You were an Esquire, a level 3 male human Knight. You were lawful, nominally on a mission for Lugh who was opposed by Brigit (neutral) and Manannan Mac Lir (chaotic). You were in the Dungeons of Doom, on level 5. You entered the dungeon 1544 turns ago. It was nighttime. You had 67 experience points, 13 more were needed to attain level 4. Your score was 536 before end-of-game adjustments. Basics: You had 0 out of 21 hit points. You had all 22 energy points (spell power). Your armor class was 3. Your wallet contained 68 zorkmids. Autopickup was off. Final Characteristics: Your strength was 14 (limit:18/100). Your dexterity was 10 (limit:18). Your constitution was 12 (limit:18). Your intelligence was 10 (limit:18). Your wisdom was 14 (limit:18). Your charisma was 17 (limit:18). Final Status: You were riding your pony. You were not hungry. You were unencumbered. You were wielding a lance. You had basic skill with lance. Final Attributes: You were devoutly aligned. You could jump. You were warded. You are dead. Miscellaneous: You never encountered a bones level. Total elapsed playing time was 8 minutes and 8 seconds. Major events: Turn 1: Kontroller the lawful male human Knight entered the dungeon 522: entered the Gnomish Mines 1146: attained the rank of Esquire (level 3) 1544: killed by a rock mole Vanquished creatures: an elf zombie 2 giant bats 3 giant rats a brown mold a yellow mold a gnome zombie 5 jackals a fox a sewer rat a grid bug 6 lichens 2 newts 25 creatures vanquished. No species were genocided or became extinct. Voluntary challenges: You were an atheist. You read items or engraved 3 times. You never engraved Elbereth. You never genocided any monsters. You never polymorphed an object. You never changed form. You used no wishes. Achievements: You entered the Gnomish Mines. You attained the rank of Esquire. You entered a shop. The Dungeons of Doom: levels 1 to 5 Level 1: Level 2: Stairs down to The Gnomish Mines. Level 3: A fountain. Level 4: A delicatessen, a fountain. Level 5: <- You were here. Final resting place for you, killed by a rock mole. The Gnomish Mines: Level 3: Game over: ---------- / \ / REST \ / IN \ / PEACE \ / \ | Kontroller | | 68 Au | | killed by a rock | | mole | | | | | | 2023 | *| * * * | * _________)/\\_//(\/(/\)/\//\/|_)_______ Fare thee well Kontroller the Knight... You died in The Dungeons of Doom on dungeon level 5 with 530 points, and 68 pieces of gold, after 1544 moves. You were level 3 with a maximum of 21 hit points when you died.